 Dungeon Crawl Stone Soup version 0.30.1-1-g62c8e00024 (webtiles) character file.

Game seed: 8222474003445093386

14024 Kranky the Fighter (level 11, -2/156 HPs)
             Began as a Minotaur Berserker on July 14, 2023.
             Was a High Priest of Trog.
             Slain by a death knight
             ... wielding a +0 glaive
              (18 damage)
             ... on level 11 of the Dungeon.
             The game lasted 00:30:09 (10892 turns).

Kranky the Fighter (Minotaur Berserker)            Turns: 10892, Time: 00:30:10

Health: -2/156     AC: 17    Str: 25    XL:     11   Next: 83%
Magic:  20/20      EV: 16    Int:  9    God:    Trog [*****.]
Gold:   298        SH:  5    Dex: 14    Spells: 10/10 levels left

rFire   + . .        G - +3 quarterstaff "Paebe" {drain, rPois Dex+3}
rCold   . . .        (shield currently unavailable)
rNeg    + . .        P - +4 ring mail {rF+}
rPois   +            R - +3 hat of Pondering {ponderous, Will+ MP+10 Int+5}
rElec   .            l - +0 cloak
rCorr   +            r - +0 pair of gloves
SInv    .            (no boots)
Will    +....        c - amulet of reflection Stlth
                     T - ring of positive energy
HPRegen 0.46/turn    u - ring of resist corrosion
MPRegen 0.17/turn

%: reflection
@: berserking, very quick
A: horns 2, retaliatory headbutt
a: Renounce Religion, Berserk, Trog's Hand, Brothers in Arms


You were on level 11 of the Dungeon.
You worshipped Trog.
Trog was extremely pleased with you.
You visited 1 branch of the dungeon, and saw 11 of its levels.
You also visited: Bailey.

You collected 678 gold pieces.
You spent 380 gold pieces at shops.

Inventory:

Hand Weapons
 G - the +3 quarterstaff "Paebe" (weapon) {drain, rPois Dex+3}
   (You found it on level 7 of the Dungeon)

   Dex:       It affects your dexterity (+3).
   rPois:     It protects you from poison.
 N - a +4 halberd
Missiles
 F - 6 throwing nets (quivered)
Armour
 a - +0 acid dragon scales
 k - a +0 plate armour
 l - a +0 cloak (worn)
 r - a +0 pair of gloves (worn)
 L - a +2 kite shield
 P - a +4 ring mail of fire resistance (worn)
 R - the +3 hat of Pondering (worn) {ponderous, Will+ MP+10 Int+5}
   (You took it off Gastronok on level 9 of the Dungeon)

   Int:       It affects your intelligence (+5).
   MP:        It affects your magic capacity (+10).
   Will:      It increases your willpower.
Jewellery
 c - an amulet of reflection (around neck)
 q - an amulet of the acrobat
 u - a ring of resist corrosion (right hand)
 T - a ring of positive energy (left hand)
Wands
 j - a wand of roots (25)
 s - a wand of light (16)
 D - a wand of flame (22)
 S - a wand of paralysis (7)
 W - a wand of digging (4)
Scrolls
 b - a scroll of enchant weapon {unknown}
 d - 17 scrolls of identify {unknown}
 g - a scroll of blinking {unknown}
 h - 2 scrolls of noise {unknown}
 i - 3 scrolls of magic mapping {unknown}
 p - 6 scrolls of teleportation {unknown}
 t - a scroll of immolation {unknown}
 w - 2 scrolls of poison {unknown}
 y - 3 scrolls of fog {unknown}
 E - a scroll of silence {unknown}
 H - 5 scrolls of enchant armour {unknown}
 I - 2 scrolls of torment {unknown}
 M - 3 scrolls of amnesia {unknown}
 U - a scroll of vulnerability {unknown}
 V - a scroll of fear {unknown}
Potions
 e - a potion of resistance {unknown}
 f - 5 potions of curing {unknown}
 m - 3 potions of mutation {unknown}
 n - 3 potions of invisibility
 o - 2 potions of attraction {unknown}
 v - a potion of magic {unknown}
 x - 4 potions of ambrosia {unknown}
 z - 3 potions of haste {unknown}
 A - 2 potions of flight {unknown}
 B - a potion of brilliance {unknown}
 C - 3 potions of might {unknown}
 J - 3 potions of degeneration {unknown}
 K - 6 potions of heal wounds {unknown}
 O - a potion of cancellation {unknown}
Miscellaneous
 Q - a piece from Xom's chessboard (15/15)


   Skills:
 + Level 12.0 Fighting
 + Level 12.0 Polearms
 + Level 11.6 Armour
 + Level 10.7 Dodging
 + Level 2.3 Shields
 + Level 1.6 Evocations


You had 10 spell levels left.
You didn't know any spells.
Your spell library was empty.

Dungeon Overview and Level Annotations

Branches:
Dungeon (11/15)            Temple (0/1) D:5            Lair (0/5) D:10
 Bailey (visited)
    Orc: D:9-12

Altars:
Kikubaaqudgha
Makhleb
Ru

Shops:
D:7 *   D:9 *


Innate Abilities, Weirdness & Mutations

You have a pair of horns on your head.
You reflexively headbutt those who attack you in melee.


Message History

You block the death knight's attack.
You sock the death knight! You headbutt the death knight.
The death knight is heavily wounded.
The death knight reflects your damage back at you!
The manticore completely misses you.
The manticore claws you but does no damage.
You block the manticore's attack. The orc misses you.
The orc hits you from afar with a +0 trident.
The orc priest hits you but does no damage.
The death knight hits you but does no damage.
The orc hits you with the staff of earth "Bifaxir" {rCorr}.
The death knight barely misses you.
You completely miss the orc. You headbutt the orc.
You kill the orc!
Trog accepts your kill. The manticore closely misses you.
You furiously retaliate!
You headbutt the manticore!
The manticore claws you but does no damage.
The manticore closely misses you. The death knight closely misses you.
You barely miss the manticore.
The manticore is lightly wounded.
The manticore barely misses you. You furiously retaliate!
You headbutt the manticore! The manticore claws you!
The manticore barely misses you.
The death knight hits you from afar with a +0 glaive!!
You hit the manticore. You drain the manticore.
The manticore is heavily wounded.
You block the manticore's attack. The manticore misses you. x2
The death knight hits you from afar with a +0 glaive!!
* * * LOW HITPOINT WARNING * * *
Unknown command.
A red film seems to cover your vision as you go berserk!
You feel yourself moving faster!
You feel mighty!
The death knight's dark mirror aura disappears.
The manticore bites you!
* * * LOW HITPOINT WARNING * * *
The manticore completely misses you. The manticore claws you.
* * * LOW HITPOINT WARNING * * *
The death knight hits you from afar with a +0 glaive!!
You die...

#...## ... #.#
....####.... ..#
####+..........###..#
#.......).o#####....###
#.......#.............#
#..>?...###...........#
#.......#.'...........#
#......p#|#...........#
#.....ooH@#...........#
#.......###...........#
+.......# #...........#
#.......# #..........o#
####'#### #########'###
#..# #####..#
#######.### #.....## ##
#.........#
####'####### .#
#.........#
#..........#


You could see a death knight (drained), a manticore (drained), an orc priest and
an orc.

Vanquished Creatures
  Erolcha (D:9)
  2 two-headed ogres
  A wizard (D:10)
  Pikel (D:9)
  A gargoyle (Bailey)
  An unseen horror (D:10)
  Maggie (D:9)
  2 komodo dragons
  2 trolls (D:11)
  A centaur simulacrum (D:11)
  5 yaks (D:7)
  A vampire (D:11)
  A steam dragon (D:9)
  A wyvern (D:9)
  2 vampire mosquitoes (D:11)
  Edmund (D:6)
  2 water moccasins
  An acid dragon (D:10)
  Duvessa (D:6)
  2 black bears
  3 orc warriors
  A sky beast (D:6)
  An ice beast (D:6)
  5 ogres
  2 centaurs
  A phantom (D:5)
  4 gnoll sergeants
  2 kobold brigands
  4 scorpions
  Dowan (D:6)
  14 killer bees
  8 vampire bats (Bailey)
  11 howler monkeys
  A crimson imp (D:10)
  6 wolf zombies (Bailey)
  10 orc priests
  12 hounds
  2 gnoll boudas (D:10)
  A jelly (D:3)
  5 iguanas
  3 sleepcaps
  13 orc wizards
  22 gnolls
  6 adders
  3 shadow imps
  7 white imps
  5 ufetubi
  2 worms
  4 dart slugs
  47 orcs
  10 ball pythons
  7 endoplasms
  2 giant cockroaches (D:1)
  17 goblins
  8 hobgoblins
  4 jackals
  6 quokkas
  12 bats
  A frilled lizard (D:2)
  17 kobolds
  20 orc zombies (Bailey)
  8 rats
348 creatures vanquished.

Vanquished Creatures (collateral kills)
  Gastronok (D:9)
  A centaur warrior (D:9)
  A vampire (Bailey)
  A yak (D:9)
  A wight (D:9)
  An orc wizard (D:9)
6 creatures vanquished.

Grand Total: 354 creatures vanquished

Notes
Turn   | Place    | Note
-------+----------+-------------------------------------------
     0 | D:1      | Kranky the Minotaur Berserker began the quest for the Orb.
     0 | D:1      | Reached XP level 1. HP: 19/19 MP: 0/0
    27 | D:1      | Reached XP level 2. HP: 15/27 MP: 1/1
   306 | D:1      | Reached ** piety under Trog
   313 | D:1      | Reached XP level 3. HP: 33/33 MP: 2/2
   891 | D:2      | Reached XP level 4. HP: 27/41 MP: 3/3
  1327 | D:3      | Reached *** piety under Trog
  1448 | D:3      | Found a sacrificial altar of Ru.
  1523 | D:3      | Reached XP level 5. HP: 37/47 MP: 4/4
  1803 | D:4      | Noticed a black bear
  2065 | D:4      | Noticed an ogre
  2071 | D:4      | Killed an ogre
  2072 | D:4      | Reached skill level 5 in Fighting
  2072 | D:4      | Reached skill level 5 in Polearms
  2072 | D:4      | Reached XP level 6. HP: 56/56 MP: 5/5
  2390 | D:4      | Reached skill level 5 in Armour
  2390 | D:4      | Reached XP level 7. HP: 59/62 MP: 6/6
  2873 | D:4      | Found a burning altar of Makhleb.
  2882 | D:4      | Reached skill level 5 in Dodging
  2938 | D:5      | Entered Level 5 of the Dungeon
  3090 | D:5      | Reached XP level 8. HP: 44/71 MP: 7/7
  3459 | D:5      | Found a staircase to the Ecumenical Temple.
  3574 | D:5      | Reached **** piety under Trog
  4022 | D:6      | Noticed Dowan
  4043 | D:6      | Killed Dowan
  4044 | D:6      | Noticed Duvessa
  4210 | D:6      | Killed Duvessa
  4796 | D:6      | Noticed Edmund
  4815 | D:6      | Reached XP level 9. HP: 65/81 MP: 8/8
  4829 | D:6      | Killed Edmund
  5677 | D:7      | Identified the +3 quarterstaff "Paebe" {drain, rPois Dex+3}
  5849 | D:7      | Found Tiging's Assorted Antiques.
  5858 | D:7      | Bought a red potion for 27 gold pieces
  5858 | D:7      | Bought a scroll labelled FOINIH ZIPLY for 31 gold pieces
  5858 | D:7      | Bought a scroll labelled QOQAVV TIOVVO for 31 gold pieces
  5858 | D:7      | Bought a black potion for 27 gold pieces
  6253 | D:7      | Found an ancient bone altar of Kikubaaqudgha.
  6389 | D:8      | Reached XP level 10. HP: 68/91 MP: 9/9
  6497 | D:8      | Reached ***** piety under Trog
  7102 | D:9      | Found Likhad's Assorted Antiques.
  7119 | D:9      | Bought a fuming clear potion for 27 gold pieces
  7119 | D:9      | Bought a bubbling puce potion for 27 gold pieces
  7119 | D:9      | Bought a scroll labelled AKULORH UJAYPS for 30 gold pieces
  7119 | D:9      | Bought a scroll labelled ZIAG ISIMUV SIUR for 30 gold
                  | pieces
  7119 | D:9      | Bought 3 scrolls labelled MEPANE YPOSMO for 90 gold pieces
  7119 | D:9      | Bought a scroll labelled TUCLE AVUFIFF for 30 gold pieces
  7119 | D:9      | Bought a scroll labelled MEPANE YPOSMO for 30 gold pieces
  7147 | D:9      | Found a flagged portal.
  7166 | Bailey   | Entered a bailey
  7423 | Bailey   | Noticed a gargoyle
  7436 | Bailey   | Killed a gargoyle
  7437 | Bailey   | Reached skill level 10 in Fighting
  7437 | Bailey   | Reached skill level 10 in Polearms
  8076 | D:9      | Noticed Pikel
  8090 | D:9      | Killed Pikel
  8096 | D:9      | Noticed Erolcha
  8108 | D:9      | Killed Erolcha
  8109 | D:9      | Reached skill level 10 in Armour
  8212 | D:9      | Noticed Gastronok
  8226 | D:9      | Noticed a centaur warrior
  8235 | D:9      | Killed a centaur warrior
  8237 | D:9      | Killed Gastronok
  8238 | D:9      | Reached XP level 11. HP: 16/102 MP: 10/10
  8250 | D:9      | Received a gift from Trog
  8715 | D:9      | Noticed a two-headed ogre
  8727 | D:9      | Killed a two-headed ogre
  8824 | D:9      | Noticed Maggie
  8837 | D:9      | Killed Maggie
  8838 | D:9      | Reached skill level 10 in Dodging
  9007 | D:10     | Entered Level 10 of the Dungeon
  9137 | D:10     | Noticed a wizard
  9150 | D:10     | Killed a wizard
  9180 | D:10     | Found a staircase to the Lair.
 10208 | D:11     | Noticed a two-headed ogre
 10216 | D:11     | Killed a two-headed ogre
 10217 | D:11     | Reached skill level 1 in Shields
 10291 | D:11     | Reached skill level 1 in Evocations
 10865 | D:11     | Identified the staff of earth "Bifaxir" {rCorr}
 10865 | D:11     | Identified the +0 leather armour of the Vaults {rPois
                  | Regen+ Int-2 Dex+6}
 10867 | D:11     | Noticed a death knight
 10892 | D:11     | Slain by a death knight

Illustrated notes

Levels and vault maps discovered:
D:1:      minmay_arrival_four_houses, layout_rooms
D:2:      layout_rooms, grunt_ministairs_14, minmay_misc_feat_four_crosses,
          minmay_tiny_reverse_x
D:3:      layout_basic, mainiacjoe_overflow_alcove_2,
          minmay_fractal_squares_diagonal_5
D:4:      layout_basic, makhleb_blood_cavern_becter, serial_demonic,
          serial_demonic_d, serial_demonic_c, serial_demonic_d, serial_demonic_a
D:5:      layout_cave_pods, minmay_temple_entry_mini_moons,
          nicolae_fountain_basement
D:6:      layout_basic, uniq_edmund, uniq_duvessa
D:7:      layout_basic, kiku_gazebo_pond_becter, serial_shops,
          nicolae_lakefront_shop
D:8:      layout_cave_pools
D:9:      layout_gridville, enter_bailey_5, serial_shops,
          nicolae_shop_tiny_statue_garden, lightli_fourway_metalbox,
          uniq_gastronok, uniq_erolcha, uniq_pikel, uniq_maggie
D:10:     layout_cave_pools, david_lair_shrubbed, serial_gnoll_camp,
          gnoll_camp_medium_02, gnoll_camp_mini_hut, gnoll_camp_mini_house,
          gnoll_camp_mini_sergeant, lightli_wizard_tower
D:11:     layout_roguey, kennysheep_path_1, minmay_radiant, uniq_sonja

Skill      XL: |  1  2  3  4  5  6  7  8  9 10 11 |
---------------+----------------------------------+-----
Fighting       | 4 5 6 7 9 11 12 | 12.0
Polearms       | 4 5 6 7 9 11 12 | 12.0
Armour         | 3 4 5 6 7 9 10 11 | 11.6
Dodging        | 3 4 5 6 8 9 10 | 10.7
Shields        | 2 |  2.3
Evocations     | 1 |  1.6

Action                     |  1- 3 |  4- 6 |  7- 9 | 10-12 || total
---------------------------+-------+-------+-------+-------++-------
  Melee: Spear             |   127 |   193 |   393 |       ||   713
         Headbutt          |    19 |    36 |    70 |    92 ||   217
         Punch             |     4 |     1 |     6 |       ||    11
         Quarterstaff      |       |       |    51 |   437 ||   488
 Invoke: Berserk           |       |       |     3 |     2 ||     5
         Trog's Hand       |       |       |     2 |     1 ||     3
         Brothers in Arms  |       |       |       |     2 ||     2
  Evoke: Wand              |       |       |       |     6 ||     6
    Use: Potion            |       |       |       |     1 ||     1
   Stab: Sleeping          |     1 |       |       |       ||     1
 Armour: Animal skin       |    12 |       |       |       ||    12
         Plate armour      |       |    90 |   127 |   152 ||   369
         Ring mail         |       |       |       |   110 ||   110
  Dodge: Dodged            |    42 |    37 |   101 |   292 ||   472
  Block: Other             |    14 |    31 |    46 |   109 ||   200
         Reflection        |       |       |     2 |     8 ||    10
